 Dungeon Crawl Stone Soup version 0.32-a0-953-g508020473e (webtiles) character file.

Game seed: 8238343922459295138

284 jasper the Trooper (level 6, -1/40 HPs)
             Began as a Gargoyle Fighter on Apr 16, 2024.
             Slain by Blork the orc
             ... wielding a +1 vampiric war axe
              (11 damage)
             ... on level 4 of the Dungeon.
             The game lasted 00:05:16 (3188 turns).

jasper the Trooper (Gargoyle Fighter)               Turns: 3188, Time: 00:05:17

Health: -1/40      AC: 19    Str: 22    XL:     6   Next: 29%
Magic:  21/21      EV: 10    Int:  8    God:
Gold:   162        SH:  5    Dex: 15    Spells: 5/5 levels left

rFire   . . .        i - +2 dagger (venom)
rCold   . . .        c - +0 buckler
rNeg    + . .        y - +0 plate armour
rPois   ∞            x - +0 helmet
rElec   +            (no cloak)
rCorr   .            (no gloves)
SInv    .            q - +0 pair of boots
Will    .....        p
                       - Hermit's Pendant {Faith Invo=14 Evo=0 MP+5} Stlth
                     w - +6 ring of dexterity
HPRegen 0.26/turn    n - +5 ring of evasion
MPRegen 0.17/turn

%: faith
@: mighty
A: sickness immunity, AC +4, negative energy resistance 1, electricity
resistance, torment resistance 1, petrification resistance
a: no special abilities


You were on level 4 of the Dungeon.
You visited 1 branch of the dungeon, and saw 4 of its levels.

You collected 162 gold pieces.

Inventory:

Hand Weapons
 a - a +0 war axe
 i - a +2 dagger of venom (weapon)
Missiles
 e - 10 stones
 l - 9 boomerangs (quivered)
 v - 6 poisoned darts
Armour
 b - a +0 scale mail
 c - a +0 buckler (worn)
 q - a +0 pair of boots (worn)
 x - a +0 helmet (worn)
 y - a +0 plate armour (worn)
Jewellery
 m - a ring of see invisible
 n - a +5 ring of evasion (right hand)
 p - the Hermit's Pendant (around neck) {Faith Invo=14 Evo=0 MP+5}
   (You found it on level 2 of the Dungeon)

   [amulet of faith]

   Invo=14: It sets your Invocations skill to 14.
   Evo=0: It sets your Evocations skill to 0.
   Faith:     It allows you to gain divine favour quickly.
   MP+5:      It affects your magic capacity (+5).
 w - a +6 ring of dexterity (left hand)
Wands
 r - a wand of acid (7)
 A - a wand of warping (12)
Scrolls
 s - 3 scrolls of immolation
 t - 3 scrolls of poison {unknown}
 u - 3 scrolls of silence
 z - a scroll of vulnerability {unknown}
Potions
 f - a potion of enlightenment
 g - 2 potions of curing {unknown}
 h - 5 potions of attraction {unknown}
 j - a potion of magic {unknown}
 k - 3 potions of mutation {unknown}
 o - 2 potions of resistance {unknown}
 B - 2 potions of brilliance {unknown}


   Skills:
 + Level 5.1 Fighting
 - Level 2.4 Axes
 + Level 4.8 Armour
 + Level 4.8 Shields


You had 5 spell levels left.
You didn't know any spells.
Your spell library contained the following spells:

 Spells                   Type           Power      Damage    Failure   Level
 Dazzling Flash           Conj/Hex       0%         N/A       100%        3
 Mephitic Cloud           Conj/Alch/Air  0%         N/A       100%        3
 Silence                  Hex/Air        0%         N/A       100%        5


Dungeon Overview and Level Annotations

Branches:
Dungeon (4/15)
 Temple: D:4-7

Altars:
Nemelex Xobeh
Uskayaw

Shops:
D:1 :

Annotations:
D:4 2 transporters, Blork the orc; snydleywhiplash's ghost, amateur MiFi


Innate Abilities, Weirdness & Mutations

You are immune to sickness and miasma.
Your stone body is resilient. (AC +4)
You are immune to poison.
You resist negative energy. (rN+)
You are resistant to electric shocks. (rElec)
You are resistant to unholy torment.
You are immune to petrification.


Message History

Found a stone staircase leading down.
Health restored: 40
There is a stone staircase leading down here.
B - 2 murky grey potions (gained 1) Blork the orc comes into view.
He is wielding a +1 vampiric war axe, wearing a +2 robe of willpower and carrying a wand of warping.
Blork the orc screams, "It's all true!
You just have to believe!"
Blork the orc casts a spell.
Blork the orc seems to speed up.
You block Blork the orc's attack.
You hit Blork the orc but do no damage.
Blork the orc is poisoned.
Blork the orc begins to cast a cantrip, but forgets the words!
Blork the orc hits you with a +1 vampiric war axe!
You take 10 damage, and have 30/40 hp.
MASSIVE DAMAGE!!
You hit Blork the orc.
Blork the orc looks as sick as possible!
Blork the orc is lightly wounded.
Blork the orc closely misses you.
You hit Blork the orc but do no damage.
Blork the orc is moderately wounded.
Blork the orc hits you with a +1 vampiric war axe.
Blork the orc hits you with a +1 vampiric war axe!
You take 12 damage, and have 19/40 hp.
MASSIVE DAMAGE!!
You hit Blork the orc.
Blork the orc looks as sick as possible!
Blork the orc is heavily wounded.
You block Blork the orc's attack.
You hit Blork the orc but do no damage.
Blork the orc is heavily wounded.
Blork the orc casts a spell at you. The puff of frost hits you.
Blork the orc closely misses you.
You take 6 damage, and have 13/40 hp.
You feel very mighty all of a sudden.
Blork the orc hits you with a +1 vampiric war axe.
* * * LOW HITPOINT WARNING * * *
You take 3 damage, and have 10/40 hp.
You hit Blork the orc.
Blork the orc is severely wounded.
Blork the orc hits you with a +1 vampiric war axe!
You die...
Blork the orc shouts, "I believe in me!"

...## #...# . #...##
.. #....## ..#
#.....#.. #......#
#...o.# ##..@..#
###.....##
####......##
###........$#
####.......#...#
###........###..##
#.........#......#
........##........#
......##...........#


You could see Blork the orc (fast, extremely poisoned).

Vanquished Creatures
  A black bear (D:4)
  Ijyb (D:4)
  Jessica (D:2)
  Terence (D:2)
  Robin (D:4)
  3 adders (D:2)
  2 ribbon worms
  2 dart slugs
  8 ball pythons
  5 bats
  5 endoplasms
  3 giant cockroaches
  13 goblins
  5 hobgoblins
  2 jackals (D:2)
  A quokka (D:2)
  5 frilled lizards
  8 kobolds
  7 rats
74 creatures vanquished.

Notes
Turn   | Place    | Note
-------+----------+-------------------------------------------
     0 | D:1      | jasper the Gargoyle Fighter began the quest for the Orb.
     0 | D:1      | Reached XP level 1. HP: 14/14 MP: 1/1
   179 | D:1      | Found Dyiricup's Book Shop.
   195 | D:1      | Reached XP level 2. HP: 18/19 MP: 2/2
   749 | D:2      | Reached XP level 3. HP: 24/24 MP: 3/3
   753 | D:2      | Found a sparkling altar of Nemelex Xobeh.
   776 | D:2      | Found the Hermit's Pendant {Faith Invo=14 Evo=0 MP+5}
   796 | D:2      | Noticed Terence
   827 | D:2      | Killed Terence
   828 | D:2      | Reached skill level 4 in Fighting
   828 | D:2      | Reached XP level 4. HP: 26/29 MP: 4/4
  1277 | D:2      | Noticed Jessica
  1286 | D:2      | Killed Jessica
  1287 | D:2      | Reached XP level 5. HP: 28/34 MP: 14/14
  1696 | D:3      | Found a hide-covered altar of Uskayaw.
  2531 | D:4      | Noticed a steam dragon
  2531 | D:4      | Noticed snydleywhiplash's ghost (amateur MiFi)
  2558 | D:4      | Found a transporter.
  2635 | D:4      | Noticed Robin
  2650 | D:4      | Killed Robin
  2689 | D:4      | Found a transporter.
  2786 | D:4      | Noticed Ijyb
  2803 | D:4      | Killed Ijyb
  3006 | D:4      | Noticed a black bear
  3021 | D:4      | Killed a black bear
  3022 | D:4      | Reached skill level 5 in Fighting
  3022 | D:4      | Reached XP level 6. HP: 29/40 MP: 16/16
  3178 | D:4      | Noticed Blork the orc
  3188 | D:4      | Slain by Blork the orc

Illustrated notes

Levels and vault maps discovered:
D:1:      saegor_arrival_simple_b, layout_basic, serial_shops,
          nicolae_shop_tiny_real_fake_doors
D:2:      layout_loops_ring, basic_altar, grunt_ministairs_10, st_stairs_3,
          nicolae_houndstooth_variations, uniq_jessica, uniq_terence
D:3:      layout_basic, nicolae_uskayaw_dance_hall
D:4:      kennysheep_big_flooded_room, layout_cave_pods, gammafunk_ghost_arena,
          uniq_grinder, uniq_blork_the_orc, uniq_robin, uniq_ijyb

Skill      XL: |  1  2  3  4  5 |
---------------+----------------+-----
Axes           | 2 |  2.4
Fighting       | 4 5 |  5.1
Armour         | 4 |  4.8
Shields        | 4 |  4.8

Action                     |  1- 3 |  4- 6 || total
---------------------------+-------+-------++-------
  Melee: War axe           |    17 |       ||    17
         Dagger            |    86 |   151 ||   237
  Throw: Stone             |     1 |     4 ||     5
         Boomerang         |       |    11 ||    11
    Use: Scroll            |       |     4 ||     4
         Potion            |       |     1 ||     1
 Armour: Scale mail        |    52 |    40 ||    92
         Plate armour      |       |    23 ||    23
  Dodge: Dodged            |    45 |    78 ||   123
  Block: Buckler           |    17 |    34 ||    51

Table legend: (Time is in decaauts)
 A = Elapsed time spent in this place.
 B = Non-inter-level travel time spent in this place.
 C = Inter-level travel time spent in this place.
 D = Time resting spent in this place.
 E = Time spent auto-exploring this place.
 F = Levels seen in this place.
 G = Mean time per level.
                   A        B        C        D        E       F      G
               +--------+--------+--------+--------+--------+-----+--------+
         Total |   3204 |   3123 |     81 |    144 |   2279 |   4 |  801.0 |
       Dungeon |   3204 |   3123 |     81 |    144 |   2279 |   4 |  801.0 |
               +--------+--------+--------+--------+--------+-----+--------+

Top non-repeatable levels by time:
     D:3: 896 daAuts
     D:2: 857 daAuts
     D:1: 744 daAuts
     D:4: 706 daAuts
